 Dungeon Crawl Stone Soup version 0.23-a0-164-g7711e57 (webtiles) character file.

1691 CanOfBees the Slasher (level 9, -5/56 HPs)
             Began as a Tengu Berserker on Sept 10, 2018.
             Was an Elder of Trog.
             Slain by a sky beast (6 damage)
             ... on level 6 of the Dungeon.
             The game lasted 00:12:21 (6687 turns).

CanOfBees the Slasher (Tengu Berserker)             Turns: 6687, Time: 00:12:22

Health: -5/56      AC: -3    Str: 17    XL:     9   Next: 2%
Magic:  10/10      EV: 16    Int:  7    God:    Trog [****..]
Gold:   201        SH:  6    Dex: 18    Spells: 8/8 levels left

rFire    . . .     SeeInvis .   a - +0 falchion
rCold    . . .     Gourm    .   u - +1 buckler
rNeg     . . .     Faith    .   p - +0 scale mail
rPois    .         Spirit   .   (helmet restricted)
rElec    .         Reflect  .   (no cloak)
rCorr    .         Harm     .   k - +0 pair of gloves
MR       .....                  (boots unavailable)
Stlth    +.........             (no amulet)
HPRegen  0.18/turn              v - ring of stealth
MPRegen  0.12/turn              (no ring)

@: corroded, berserk cooldown, flying quickly and evasively (expiring), slowed,
very slow
A: beak, talons 3, able to fly 1
a: Berserk, Trog's Hand, Brothers in Arms, Renounce Religion


You were on level 6 of the Dungeon.
You worshipped Trog.
Trog was greatly pleased with you.
You were very hungry.

You visited 1 branch of the dungeon, and saw 6 of its levels.
You also visited: Sewer.

You collected 201 gold pieces.

Inventory:

Hand Weapons
 a - a +0 falchion (weapon)
 D - a +0 blowgun
Missiles
 h - 204 stones (quivered)
 l - 16 poisoned needles
 n - 36 sling bullets
Armour
 g - a +0 shield
 k - a +0 pair of gloves (worn)
 p - a +0 scale mail (worn)
 u - a +1 buckler (worn)
 y - a +0 chain mail
Jewellery
 v - a ring of stealth (left hand)
 B - the ring of Quoduq {Fire rN++}
   (You found it on level 5 of the Dungeon)

   [ring of fire]

   It enhances your fire magic.
   It protects you from fire.
   It makes you vulnerable to cold.
   It greatly protects you from negative energy.
Wands
 C - a wand of random effects (22)
Scrolls
 b - 3 scrolls of teleportation
 d - a scroll of identify
 f - 6 scrolls of remove curse
 t - a scroll of fog
 x - a scroll of fear
Potions
 e - 2 potions of cancellation {unknown}
 i - 10 potions of curing
 j - 4 potions of might
 o - 2 potions of resistance {unknown}
 q - 2 potions of magic {unknown}
 r - a potion of berserk rage {unknown}
 s - 2 potions of lignification {unknown}
 w - 2 potions of brilliance
 z - a potion of heal wounds
 A - 3 potions of flight
Comestibles
 c - 11 rations
 m - a chunk of flesh


   Skills:
 + Level 6.6 Fighting
 + Level 7.2 Long Blades
 - Level 4.1 Armour
 + Level 5.9 Dodging
 - Level 4.0 Shields


You had 8 spell levels left.
You didn't know any spells.
Your spell library was empty.

Dungeon Overview and Level Annotations

Branches:
Dungeon (6/15)
 Temple: D:4-7

Altars:
Ashenzari
Fedhas
Kikubaaqudgha
Makhleb
Sif Muna
Vehumet
Wu Jian

Portals:
Ossuary: D:6

Annotations:
D:3 3 runed doors, Pooter's ghost, amateur GnSk


Innate Abilities, Weirdness & Mutations

You have a beak for a mouth.
You have claws for feet.
You can fly.


Message History

You are starting to lose your buoyancy.
The adder closely misses you. The adder bites you.
You hit the adder but do no damage. You claw the adder.
You kill the adder!
Trog accepts your kill. The sky beast hits you.
* * * LOW HITPOINT WARNING * * *
The sky beast shocks you.
* * * LOW HITPOINT WARNING * * *
You hit the sky beast but do no damage. Your kick misses the sky beast.
The sky beast hits you.
* * * LOW HITPOINT WARNING * * *
The sky beast shocks you.
* * * LOW HITPOINT WARNING * * *
You hit the sky beast but do no damage.
You claw the sky beast, but do no damage.
The sky beast hits you.
* * * LOW HITPOINT WARNING * * *
The sky beast shocks you.
You die...

#### #..##
#.###.#
.... ....
... #.# #..
##(.# ###
#.# #...
... ...
#...##.#
##+
#.....#####
#.##.##....
#Y##.>. #@#
... #
#)####### #
#.##....# #
#.###...#
#.......#
######.##
##.##
##.#.##
##.###.##


You could see a sky beast.

Vanquished Creatures
  An orc warrior (D:6)
  A necrophage (D:5)
  An ogre (D:5)
  A centaur (D:5)
  5 big kobolds
  A bullfrog (D:6)
  A scorpion (D:5)
  A howler monkey (D:6)
  A bullfrog zombie (D:5)
  2 orc priests
  2 jellies (D:6)
  4 hounds
  6 orc wizards
  A bullfrog skeleton (D:5)
  2 worker ants (D:4)
  A hound skeleton (D:5)
  A howler monkey zombie (D:6)
  A gnoll (D:1)
  5 river rats (Sewer)
  7 adders
  A shadow imp (D:5)
  An ooze (D:1)
  2 adder skeletons
  4 worms
  A dart slug (D:1)
  6 leopard geckos
  18 orcs
  4 ball pythons
  4 giant cockroaches
  9 hobgoblins
  8 jackals
  12 bats
  9 frilled lizards
  8 goblins
  A jackal skeleton (D:5)
  35 kobolds
  A quokka skeleton (D:5)
  31 rats
200 creatures vanquished.

Vanquished Creatures (others)
  A plant (D:1)
1 creature vanquished.

Grand Total: 201 creatures vanquished

Notes
Turn   | Place    | Note
-------+----------+-------------------------------------------
     0 | D:1      | CanOfBees the Tengu Berserker began the quest for the Orb.
     0 | D:1      | Reached XP level 1. HP: 14/14 MP: 2/2
   207 | D:1      | Reached XP level 2. HP: 8/19 MP: 3/3
   582 | D:1      | Reached XP level 3. HP: 20/23 MP: 4/4
   633 | D:1      | Reached ** piety under Trog
   890 | D:1      | Reached XP level 4. HP: 16/28 MP: 5/5
  1668 | D:2      | Found a radiant altar of Vehumet.
  1718 | D:2      | Reached skill level 4 in Long Blades
  1890 | D:2      | Reached *** piety under Trog
  2228 | D:3      | Gained mutation: You can fly. [Tengu growth]
  2228 | D:3      | Reached XP level 5. HP: 16/33 MP: 6/6
  2418 | D:3      | Reached skill level 1 in Shields
  2504 | D:3      | Found a runed gate.
  2504 | D:3      | Found a runed gate.
  2505 | D:3      | Found a runed gate.
  2505 | D:3      | Noticed Pooter's ghost (amateur GnSk)
  2507 | D:3      | Noticed a big kobold
  2573 | D:3      | Found a shattered altar of Ashenzari.
  2775 | D:3      | Found a shattered altar of Ashenzari.
  2775 | D:3      | Found a deep blue altar of Sif Muna.
  3181 | D:3      | Found an ancient bone altar of Kikubaaqudgha.
  3442 | D:4      | Found a burning altar of Makhleb.
  3543 | D:4      | Reached XP level 6. HP: 19/38 MP: 7/7
  3934 | D:4      | Found a glowing drain.
  3960 | Sewer    | Entered a sewer
  4289 | Sewer    | Reached skill level 5 in Long Blades
  4500 | Sewer    | Reached XP level 7. HP: 38/44 MP: 6/8
  4551 | Sewer    | Reached **** piety under Trog
  4665 | Sewer    | Reached skill level 5 in Fighting
  4847 | D:4      | Found a burning altar of Makhleb.
  5062 | D:5      | Entered Level 5 of the Dungeon
  5303 | D:5      | Reached skill level 6 in Long Blades
  5526 | D:5      | Reached XP level 8. HP: 50/50 MP: 5/9
  5938 | D:5      | Reached skill level 5 in Dodging
  5976 | D:5      | Got a heavily runed bone ring
  5979 | D:5      | Identified the ring of Quoduq {Fire rN++} (You found it on
                  | level 5 of the Dungeon)
  6346 | D:6      | Found an ornate altar of the Wu Jian Council.
  6453 | D:6      | Found a blossoming altar of Fedhas.
  6559 | D:6      | Found a sand-covered staircase.
  6645 | D:6      | HP: 3/76 [orc warrior/flail (14)]
  6654 | D:6      | Reached skill level 7 in Long Blades
  6663 | D:6      | Reached XP level 9. HP: 35/56 MP: 8/10
  6687 | D:6      | HP: 1/56 [sky beast (2)]
  6687 | D:6      | Slain by a sky beast

Vault maps used:
D:1:      lightli_arrival_statue_moat, lexackson_kobold_supper
D:2:      nicolae_overflow_hidden_temple, lemuel_crystal_altar, first_ration,
          serial_forest, infiniplex_forest_straight_3,
          infiniplex_forest_lined_2, infiniplex_forest_lined_2,
          infiniplex_forest_clump_curved
D:3:      gammafunk_temple_overflow_wave, lemuel_coloured_pillars_altar,
          gammafunk_ghost_nasty_kobolds, evilmike_ruin_ashenzari
D:4:      nicolae_overflow_crystal_walls, portal_sewer_entry_a,
          makhleb_blood_cavern_becter
D:5:      cheibrodos_thug_alley
D:6:      minmay_temple_entry_from_below_a,
          nicolae_ossuary_entry_false_entrances, kennysheep_flooded_box,
          st_stairs_4, fedhas_altar_1
Sewer:    sewer_minmay_treatment

Skill      XL: |  1  2  3  4  5  6  7  8 |
---------------+-------------------------+-----
Dodging        | 3 4 5 |  5.9
Armour         | 3 4 |  4.1
Long Blades    | 4 5 6 7 |  7.2
Shields        | 1 3 4 |  4.0
Fighting       | 4 5 6 |  6.6

Action                   |  1- 3 |  4- 6 |  7- 9 || total
-------------------------+-------+-------+-------++-------
Melee: Falchion          |    68 |   225 |   230 ||   523
       Kick              |    16 |    82 |   102 ||   200
       Peck              |    14 |    42 |    64 ||   120
Throw: Stone             |       |     8 |    11 ||    19
Invok: Trog's Hand       |       |     1 |     5 ||     6
       Berserk           |       |       |     2 ||     2
 Abil: Fly               |       |     4 |     6 ||    10
  Use: Scroll            |       |     4 |     7 ||    11
       Potion            |       |       |     4 ||     4
 Stab: Sleeping          |       |     2 |       ||     2
  Eat: Chunk             |       |     9 |    11 ||    20
       Ration            |       |     1 |       ||     1
Armor: Animal skin       |    14 |    14 |       ||    28
       Scale mail        |       |    95 |    78 ||   173
Dodge: Dodged            |    47 |    92 |   116 ||   255
Block: Shield            |       |   107 |    36 ||   143
       Buckler           |       |       |    59 ||    59
       Rpst.: Falchion   |    19 |    26 |    38 ||    83

Table legend:
 A = Non-vault XP
 B = Vault XP
 C = Vault XP percentage of total XP
 D = Non-vault monster count
 E = Vault monster count
 F = Vault count percentage of total count
                 A         B        C        D         E       F
            +---------+---------+-------+---------+---------+-------
      Total |    1570 |     846 |  35.0 |     128 |      72 |  36.0
            +---------+---------+-------+---------+---------+-------
        D:1 |      83 |      14 |  14.4 |      38 |       8 |  17.4
        D:2 |      41 |       0 |   0.0 |      22 |       0 |   0.0
        D:3 |      74 |       0 |   0.0 |      14 |       0 |   0.0
        D:4 |     178 |      52 |  22.6 |      15 |       5 |  25.0
        D:5 |     780 |     200 |  20.4 |      25 |       9 |  26.5
        D:6 |     414 |     134 |  24.5 |      14 |       3 |  17.6
      Sewer |       0 |     446 | 100.0 |       0 |      47 | 100.0
            +---------+---------+-------+---------+---------+-------
